 Dungeon Crawl Stone Soup version 0.26-a0-519-gb2f46efeda (webtiles) character file.

Game seed: 7506772602397709479

381 KristoblXynda the Sneak (level 6, 0/32 HPs)
             Began as a Spriggan Brigand on Aug 11, 2020.
             Succumbed to Crazy Yiuf's poison
             ... on level 2 of the Dungeon.
             The game lasted 00:03:55 (2261 turns).

KristoblXynda the Sneak (Spriggan Brigand)          Turns: 2261, Time: 00:03:55

Health: 0/32       AC:  3    Str: 14    XL:     6   Next: 46%
Magic:  7/7        EV: 20    Int: 13    God:
Gold:   45         SH:  0    Dex: 18    Spells: 5/5 levels left

rFire    . . .     SeeInvis +   a - +2 dagger
rCold    . . .     Faith    .   (shield restricted)
rNeg     . . .     Spirit   .   b - +0 robe
rPois    .         Reflect  .   (helmet restricted)
rElec    .         Harm     .   c - +0 cloak
rCorr    .                      (gloves unavailable)
MR       +....                  (boots unavailable)
Stlth    ++++......             (no amulet)
HPRegen  0.10/turn              k - +6 ring of strength
MPRegen  0.10/turn              (no ring)

@: lethally poisoned (0 -> -1), stab, flying, very quick
A: very small, unfitting armour, see invisible, speed 3
a: no special abilities


You were on level 2 of the Dungeon.
You visited 1 branch of the dungeon, and saw 2 of its levels.

You collected 45 gold pieces.

Inventory:

Hand Weapons
 a - a +2 dagger (weapon)
Missiles
 d - a poisoned dart (quivered)
 e - 2 curare-tipped darts
Armour
 b - a +0 robe (worn)
 c - a +0 cloak (worn)
Jewellery
 k - a +6 ring of strength (left hand)
Scrolls
 f - a scroll of identify
 l - 2 scrolls of fog
 m - a scroll of teleportation {unknown}
 n - a scroll of random uselessness {unknown}
Potions
 i - a potion of haste


   Skills:
 + Level 3.2 Fighting
 + Level 4.1 Short Blades
 - Level 2.0 Throwing
 + Level 4.8 Dodging
 + Level 7.8 Stealth


You had 5 spell levels left.
You didn't know any spells.
Your spell library was empty.

Dungeon Overview and Level Annotations

Branches:
Dungeon (2/15)

Altars:
Nemelex Xobeh


Innate Abilities, Weirdness & Mutations

You are very small and have problems with some larger weapons.
You are too small for most types of armour.
You have supernaturally acute eyesight. (SInv)
You cover ground extremely quickly.


Message History

* * * LOW HITPOINT WARNING * * *
You feel sick.
* * * LOW HITPOINT WARNING * * *
You feel sick.
* * * LOW HITPOINT WARNING * * *
You feel sick.
Crazy Yiuf whimpers, "Goober koolooloo chair!"
* * * LOW HITPOINT WARNING * * *
You feel sick.
Things that are here:
a cursed -3 whip; a +0 spear You feel a bit more experienced.
* * * LOW HITPOINT WARNING * * *
You feel sick.
Unknown command.
There is a lethal amount of poison in your body!
There is a lethal amount of poison in your body!
* * * LOW HITPOINT WARNING * * *
You feel sick.
You die...

....######.### #####.###.§..°#...
#...#....#.#######...# #######...
#.(.#....#(#....<#)###########'''
#..)#....#.#.#####.# #(# #....
#...#....#.#.......####.#####.###
'.........................÷.....>
#..).........###.######........##
###...##.....##....# ##.......#
#...##.....##.@..# #.......#
#...##..(..##....# ##......#
#...##.÷...###+### #..###.##
############ #.# ##.#....)
#.####### #.#.....
#.##....###.).....
#.#....))..#......
#.#.....##.#.##+##
#...######..).....


There were no monsters in sight!

Vanquished Creatures
  Sigmund (D:2)
  A black bear (D:2)
  Crazy Yiuf (D:2)
  3 gnolls (D:2)
  3 worms (D:2)
  A dart slug (D:1)
  A leopard gecko (D:2)
  3 orcs (D:2)
  A ball python (D:1)
  7 bats
  3 giant cockroaches (D:2)
  4 goblins
  4 hobgoblins
  10 jackals (D:1)
  4 frilled lizards (D:1)
  6 kobolds
  7 rats
60 creatures vanquished.

Notes
Turn   | Place    | Note
-------+----------+-------------------------------------------
     0 | D:1      | KristoblXynda the Spriggan Brigand began the quest for the
                  | Orb.
     0 | D:1      | Reached XP level 1. HP: 10/10 MP: 2/2
   179 | D:1      | Reached skill level 6 in Stealth
   263 | D:1      | Reached XP level 2. HP: 14/15 MP: 3/3
   642 | D:1      | Reached XP level 3. HP: 18/18 MP: 4/4
  1029 | D:2      | Noticed Sigmund
  1097 | D:2      | Killed Sigmund
  1097 | D:2      | Reached skill level 7 in Stealth
  1097 | D:2      | Reached XP level 4. HP: 9/23 MP: 5/5
  1097 | D:2      | Reached XP level 5. HP: 11/28 MP: 6/6
  1586 | D:2      | Found a sparkling altar of Nemelex Xobeh.
  1824 | D:2      | Noticed a black bear
  1863 | D:2      | Killed a black bear
  1863 | D:2      | Reached XP level 6. HP: 10/32 MP: 7/7
  2208 | D:2      | Found a runed translucent door.
  2209 | D:2      | Noticed Crazy Yiuf
  2252 | D:2      | Killed Crazy Yiuf
  2257 | D:2      | HP: 1/32 [poisoned by Crazy Yiuf]
  2261 | D:2      | Succumbed to Crazy Yiuf's poison

Illustrated notes

Levels and vault maps discovered:
D:1:      nzn_arrival_settlement, layout_loops_ring
D:2:      layout_basic, nemelex_altar_shiori, uniq_sigmund,
          uniq_crazy_yiuf_cottage

Skill      XL: |  1  2  3  4  5 |
---------------+----------------+-----
Stealth        | 6 7 |  7.8
Dodging        | 2 4 |  4.8
Fighting       | 2 3 |  3.2
Short Blades   | 3 4 |  4.1
Throwing       | |  2.0

Action                   |  1- 3 |  4- 6 || total
-------------------------+-------+-------++-------
Melee: Dagger            |   138 |    93 ||   231
Throw: Dart              |    11 |     8 ||    19
  Use: Scroll            |     3 |       ||     3
       Potion            |     2 |     2 ||     4
 Stab: Sleeping          |    13 |     6 ||    19
Armor: Robe              |    16 |     7 ||    23
Dodge: Dodged            |   103 |    80 ||   183

Table legend: (Time is in decaauts)
 A = Elapsed time spent in this place.
 B = Non-inter-level travel time spent in this place.
 C = Inter-level travel time spent in this place.
 D = Time resting spent in this place.
 E = Time spent auto-exploring this place.
 F = Levels seen in this place.
 G = Mean time per level.
                   A        B        C        D        E       F      G
               +--------+--------+--------+--------+--------+-----+--------+
         Total |   1709 |   1699 |     10 |    335 |    895 |   2 |  854.5 |
       Dungeon |   1709 |   1699 |     10 |    335 |    895 |   2 |  854.5 |
               +--------+--------+--------+--------+--------+-----+--------+

Top non-repeatable levels by time:
     D:2: 1063 daAuts
     D:1: 646 daAuts
